 Dungeon Crawl Stone Soup version 0.31.0-11-ge490571c62 (webtiles) character file.

Game seed: 3256180118628685579

3364 graurdoll the Cleaver (level 10, -4/88 HPs)
             Began as a Hill Orc Fighter on Feb 10, 2024.
             Was a Priest of Dithmenos.
             Slain by a vault guard
             ... wielding a +0 broad axe
              (9 damage)
             ... in a bailey.
             The game lasted 00:25:41 (5987 turns).

graurdoll the Cleaver (Hill Orc Fighter)            Turns: 5987, Time: 00:25:42

Health: -4/88      AC: 16    Str: 29    XL:     10   Next: 3%
Magic:  10/10      EV:  9    Int:  8    God:    Dithmenos [***...]
Gold:   359        SH: 10    Dex: 10    Spells: 9/9 levels left

rFire   . . .        H - +2 hand axe (heavy)
rCold   . . .        c - +0 buckler
rNeg    . . .        h - +0 chain mail
rPois   +            E - +0 helmet
rElec   .            o - +0 cloak
rCorr   .            r - +0 pair of gloves
SInv    .            e - +0 pair of boots
Will    .....        x - amulet of reflection Stlth
                     w - ring of Uskayaw's Pride {rPois Str+5}
HPRegen 0.34/turn    (no ring)
MPRegen 0.12/turn

%: reflection
@: wreathed by umbra
A: no striking features
a: Renounce Religion, Shadow Step


You were in a bailey.
You worshipped Dithmenos.
Dithmenos was most pleased with you.
You visited 1 branch of the dungeon, and saw 7 of its levels.
You also visited: Bailey.

You collected 359 gold pieces.

Inventory:

Hand Weapons
 a - a +0 war axe
 y - a +1 flail of protection
 A - a +0 vampiric scythe
 G - a +0 hand axe of flaming
 H - a +2 heavy hand axe (weapon)
Armour
 b - a +0 scale mail
 c - a +0 buckler (worn)
 e - a +0 pair of boots (worn)
 h - a +0 chain mail (worn)
 o - a +0 cloak (worn)
 r - a +0 pair of gloves (worn)
 t - a +0 chain mail
 E - a +0 helmet (worn)
Jewellery
 w - the ring of Uskayaw's Pride (left hand) {rPois Str+5}
   (You found it on level 4 of the Dungeon)

   [ring of poison resistance]

   Str+5:     It affects your strength (+5).
   rPois:     It protects you from poison
 x - an amulet of reflection (around neck)
Scrolls
 f - 2 scrolls of enchant armour {unknown}
 g - a scroll of revelation {unknown}
 j - 2 scrolls of blinking {unknown}
 k - a scroll of teleportation {unknown}
 m - a scroll of acquirement {unknown}
 n - 5 scrolls of identify {unknown}
 p - 2 scrolls of vulnerability {unknown}
 C - a scroll of noise {unknown}
 D - a scroll of fog {unknown}
 F - a scroll of silence {unknown}
Potions
 d - 2 potions of might
 i - 2 potions of curing {unknown}
 l - a potion of cancellation {unknown}
 q - 3 potions of degeneration {unknown}
 s - 2 potions of magic {unknown}
 u - 2 potions of lignification {unknown}
 v - a potion of enlightenment {unknown}
 z - a potion of heal wounds {unknown}
 B - a potion of brilliance {unknown}


   Skills:
 + Level 7.7 Fighting
 + Level 8.8(10.3) Axes
 + Level 7.2(8.6) Maces & Flails
 + Level 7.5 Armour
 + Level 2.1 Dodging
 + Level 0.3 Stealth
 + Level 6.5 Shields


You had 9 spell levels left.
You didn't know any spells.
Your spell library contained the following spells:

 Spells                   Type           Power      Damage    Failure   Level
 Apportation              Tloc           0%         N/A       88%         1
 Necrotise                Necr           0%         1d4       88%         1
 Sting                    Conj/Alch      0%         1d3       88%         1
 Summon Small Mammal      Summ           0%         N/A       88%         1
 Static Discharge         Conj/Air       0%         3-3/arc   95%         2
 Airstrike                Air            0%         2d(0-16)  100%        4
 Summon Lightning Spire   Summ/Air       0%         N/A       100%        4


Dungeon Overview and Level Annotations

Branches:
Dungeon (7/15)             Bailey (1/1)
 Temple: D:4-7

Altars:
Dithmenos
Trog
Wu Jian


Message History

You feel stronger.
You start resting.
A bullfrog comes into view.
The bullfrog croaks.
You see here a bullfrog corpse.
A bullfrog is nearby!
A vault guard comes into view. It is wielding a +0 broad axe.
The vault guard shouts!
The bullfrog hits you.
You see here a bullfrog corpse.
The bullfrog attacks as it pursues you! You block the bullfrog's attack.
You closely miss the bullfrog. You block the bullfrog's attack. x2
You slash the bullfrog!
The bullfrog is heavily wounded.
You block the bullfrog's attack. The bullfrog barely misses you.
You slice the bullfrog!!
You kill the bullfrog!
Dithmenos accepts your kill.
You see here a bullfrog corpse.
You completely miss the vault guard.
The vault guard hits you but does no damage.
You barely miss the vault guard.
The vault guard hits you with a +0 broad axe!
The vault guard hits you with a +0 broad axe!!
* * * LOW HITPOINT WARNING * * *
You barely miss the vault guard.
The vault guard hits you with a +0 broad axe.
* * * LOW HITPOINT WARNING * * *
The vault guard attacks as it pursues you!
You block the vault guard's attack.
The vault guard attacks as it pursues you!
The vault guard hits you with a +0 broad axe.
* * * LOW HITPOINT WARNING * * *
You block the vault guard's attack.
The vault guard attacks as it pursues you!
The vault guard hits you with a +0 broad axe.
* * * LOW HITPOINT WARNING * * *
The vault guard attacks as it pursues you!
The vault guard hits you with a +0 broad axe!
You die...

##### ##...#
##....#
##.....+ #####
#......#
##...## #....#
+..∩..#
#))######)....#
~
##'#...@)..∩..#
~~
#.)...p##...##
~~~
#.....).#####
..~≈#######...#
.~~~≈≈≈#..##..#
.......#†.#...#
.~~~~..)..#...#
~≈≈≈≈~~#†....##
≈####≈≈#....##


You could see a vault guard.

Vanquished Creatures
  Grinder (D:5)
  Prince Ribbit (Bailey)
  Sigmund (D:5)
  6 humans (Bailey)
  Edmund (D:5)
  A water moccasin (D:6)
  A sky beast (D:4)
  An ogre (D:6)
  2 phantoms
  12 bullfrogs
  A scorpion (D:5)
  2 howler monkeys
  4 hounds
  A bombardier beetle (D:5)
  An orc priest (D:5)
  5 iguanas
  3 orc wizards
  3 gnolls (D:4)
  5 adders
  A white imp (D:6)
  2 ufetubi (D:6)
  2 dart slugs
  3 ribbon worms
  11 orcs
  4 endoplasms
  3 giant cockroaches
  7 goblins
  7 hobgoblins
  A jackal (D:3)
  4 kobolds
  7 quokkas
  5 ball pythons
  8 bats
  4 frilled lizards
  7 rats
128 creatures vanquished.

Notes
Turn   | Place    | Note
-------+----------+-------------------------------------------
     0 | D:1      | graurdoll the Hill Orc Fighter began the quest for the Orb.
     0 | D:1      | Reached XP level 1. HP: 19/19 MP: 1/1
   209 | D:1      | Reached XP level 2. HP: 24/27 MP: 2/2
   403 | D:1      | Reached skill level 3 in Axes
   736 | D:2      | Reached XP level 3. HP: 10/33 MP: 3/3
  1470 | D:2      | Reached skill level 4 in Axes
  1470 | D:2      | Reached XP level 4. HP: 38/40 MP: 4/4
  1833 | D:3      | Noticed a bullfrog
  1849 | D:3      | Killed a bullfrog
  1850 | D:3      | Reached XP level 5. HP: 30/47 MP: 5/5
  1952 | D:3      | Noticed an eye of devastation
  1954 | D:3      | Found a faded altar of an unknown god.
  1956 | D:3      | Noticed a great orb of eyes
  1957 | D:3      | Noticed a golden eye
  1957 | D:3      | Noticed a great orb of eyes
  1962 | D:3      | Prayed at the altar of an unknown god.
  1962 | D:3      | Became a worshipper of Dithmenos the Shadowed
  1962 | D:3      | Reached * piety under Dithmenos
  2236 | D:3      | Found a bloodstained altar of Trog.
  2533 | D:4      | Found an ornate altar of the Wu Jian Council.
  2540 | D:4      | Noticed a spectral centipede
  2540 | D:4      | Noticed a spectral black mamba
  2540 | D:4      | Noticed a spectral cane toad
  2586 | D:4      | Reached ** piety under Dithmenos
  2587 | D:4      | Reached skill level 5 in Axes
  2723 | D:4      | Identified the ring of Uskayaw's Pride {rPois Str+5}
  2849 | D:4      | Noticed a sky beast
  2868 | D:4      | Killed a sky beast
  2869 | D:4      | Reached skill level 6 in Axes
  2869 | D:4      | Reached XP level 6. HP: 32/53 MP: 6/6
  3174 | D:4      | Found a shadowy altar of Dithmenos.
  3266 | D:5      | Entered Level 5 of the Dungeon
  3270 | D:5      | Noticed Edmund
  3295 | D:5      | Killed Edmund
  3296 | D:5      | Reached skill level 5 in Fighting
  3296 | D:5      | Reached skill level 1 in Dodging
  3296 | D:5      | Reached XP level 7. HP: 15/61 MP: 7/7
  3298 | D:5      | Reached skill level 7 in Axes
  3298 | D:5      | Reached skill level 5 in Armour
  3366 | D:5      | Noticed Sigmund
  3633 | D:5      | Killed Sigmund
  3800 | D:5      | Noticed Grinder
  3810 | D:5      | Killed Grinder
  3811 | D:5      | Reached skill level 8 in Axes
  3811 | D:5      | Reached skill level 1 in Maces & Flails
  3811 | D:5      | Reached XP level 8. HP: 36/70 MP: 8/8
  4843 | D:6      | Reached skill level 5 in Maces & Flails
  5011 | D:6      | Reached skill level 5 in Shields
  5253 | D:6      | Reached XP level 9. HP: 77/77 MP: 9/9
  5541 | D:7      | Found a flagged portal.
  5581 | Bailey   | Entered a bailey
  5886 | Bailey   | Reached *** piety under Dithmenos
  5887 | Bailey   | Noticed Prince Ribbit
  5917 | Bailey   | Killed Prince Ribbit
  5927 | Bailey   | Reached XP level 10. HP: 38/88 MP: 10/10
  5967 | Bailey   | Noticed a vault guard
  5987 | Bailey   | Slain by a vault guard

Illustrated notes

Levels and vault maps discovered:
D:1:      dpeg_arrival_round_a, layout_basic, serial_glass, glass_columns_b,
          glass_columns_c
D:2:      layout_loops_ring
D:3:      layout_rooms, marbit_many_paths,
          hellmonk_ecumenical_altar_watching_god,
          minmay_fractal_squares_diagonal_5
D:4:      layout_loops_ring, kennysheep_little_box,
          pdpol_wu_jian_five_deadly_venoms, nicolae_grassy_gnolls
D:5:      layout_rooms, nicolae_overflow_hidden_temple,
          wad_floor_pattern_untrapped, grunt_ministairs_15,
          roderic_filled_cross, minmay_tree_intersection, minmay_crossroads,
          uniq_grinder, uniq_edmund, uniq_sigmund
D:6:      layout_basic
D:7:      minmay_the_grid_triangle_9x9_rhombus_thin
          [minmay_the_grid_triangle_9x9_checkered,
          minmay_the_grid_triangle_9x9_prize_schism,
          minmay_the_grid_triangle_9x9_odd_lines,
          minmay_the_grid_triangle_9x9_swiss_cheese], layout_loops_cross,
          mainiacjoe_overflow_brackets, fedhas_altar_decomposition,
          minmay_temple_entry_poolview, enter_bailey_3
Bailey:   bailey_axe_froggy_fort_hellmonk, bailey

Skill      XL: |  1  2  3  4  5  6  7  8  9 |
---------------+----------------------------+-----
Axes           | 3 4 6 8 |  8.8
Fighting       | 4 5 6 7 |  7.7
Armour         | 4 5 6 7 |  7.5
Dodging        | 1 2 |  2.1
Shields        | 4 5 6 |  6.5
Maces & Flails | 1 5 7 |  7.2
Stealth        | |  0.3

Action                     |  1- 3 |  4- 6 |  7- 9 | 10-12 || total
---------------------------+-------+-------+-------+-------++-------
  Melee: War axe           |   104 |   119 |    27 |       ||   250
         Flail             |       |       |   185 |       ||   185
         Hand axe          |       |       |    49 |     6 ||    55
 Armour: Scale mail        |    23 |       |       |       ||    23
         Chain mail        |    74 |   133 |   184 |     8 ||   399
  Dodge: Dodged            |    64 |    68 |    93 |     1 ||   226
  Block: Buckler           |    31 |    39 |   133 |     6 ||   209
         Reflection        |       |       |     1 |       ||     1
